Map: King's Cove LE

Players

PtitDrogo - Winner!

  • Race: Protoss Protoss
  • League: Master
  • Spawn Location: 5:00

GOReynor (Reynor)

  • Race: Zerg Zerg
  • League: Master
  • Spawn Location: 11:00

Event: QLASH StarCraft II Invitational 2 Offline Finals

VOD

Have the link to the VOD?

Description

Time

  • Played on: July 27, 2019, 11:21 a.m.
  • Length: 11:52

All games in this series

Show
View Real Time Build Order
Export as new Build Order

PtitDrogo Protoss - Winner!

Build Orders: 1 Gate Expand, Zealot Archon, Archon Drop, Dark Templar Rush 

Get SALT Encoding   

  12  0:00  Probe  
  13  0:13  Probe  
  14  0:19  Pylon  
  14  0:25  Probe  
  15  0:31  Assimilator  
  15  0:33  Probe  
  15  0:41  Probe  
  17  0:50  Gateway  
  17  0:51  Probe  
  18  1:03  Probe  
  19  1:15  Probe  
  20  1:26  Nexus  
  20  1:37  Cybernetics Core  
  20  1:39  Probe  
  21  1:43  Assimilator  
  21  1:51  Probe  
  21  1:53  Pylon  
  22  2:03  Probe, Stalker  
  23  2:15  Probe  
  26  2:17  Twilight Council  
  26  2:22  Warp Gate  
  26  2:33  Adept, Probe  
  26  2:34  Probe  
  29  2:42  Probe  
  29  2:43  Probe  
  30  2:49  Robotics Facility  
  32  2:51  Probe  
  32  2:52  Probe  
  34  3:00  Probe  
  34  3:04  Probe  
  36  3:07  Dark Shrine  
  36  3:12  Probe  
  38  3:21  Gateway  
  38  3:24  Probe  
  38  3:28  Warp Prism, Gateway  
  38  3:31  Gateway  
  38  3:41  Probe  
  41  3:43  Probe  
  41  3:46  Assimilator  
  42  3:51  Assimilator  
  42  3:53  Probe  
  43  3:56  Probe, Pylon  
  44  4:06  Probe  
  45  4:11  Probe  
  45  4:15  Pylon  
  46  4:26  Dark Templar x4  
  54  4:34  Probe x2  
  55  4:39  Charge  
  55  4:55  Probe x2  
  53  5:02  Archon  
  53  5:03  Dark Templar x2, Zealot  
  53  5:04  Zealot  
  53  5:06  Pylon  
  61  5:07  Probe, Pylon  
  61  5:08  Archon  
  62  5:20  Nexus  
  62  5:24  Probe  
  63  5:35  Probe  
  60  5:37  Dark Templar x2  
  60  5:38  Zealot x2  
  60  5:41  Archon  
  68  5:44  Probe  
  68  5:45  Observer  
  68  5:47  Probe  
  71  5:50  Forge  
  71  6:02  Dark Templar x2  
  73  6:13  Probe  
  73  6:15  Probe  
  71  6:22  Protoss Ground Weapons Level 1  
  67  6:31  Probe  
  64  6:35  Probe x2  
  64  6:36  Zealot x4  
  64  6:38  Gateway  
  64  6:39  Gateway  
  72  6:40  Gateway  
  72  6:41  Gateway  
  72  6:43  Probe  
  67  6:48  Probe  
  67  6:49  Probe  
  67  6:51  Shield Battery  
  69  6:55  Probe  
  69  6:56  Dark Templar, Sentry  
  69  6:57  Dark Templar  
  69  7:00  Zealot  
  78  7:01  Archon  
  78  7:03  Probe x2  
  80  7:10  Probe  
  80  7:11  Warp Prism, Templar Archives  
  80  7:13  Gateway  
  81  7:20  Pylon  
  85  7:27  Pylon  
  83  7:30  Pylon  
  83  7:35  Dark Templar  
  83  7:36  Dark Templar, Zealot x3  
  93  7:39  Archon  
  93  7:47  Pylon  
  93  7:48  High Templar x2, Zealot, Pylon  
  99  7:52  Archon  
  99  7:55  Pylon  
  99  8:00  Pylon  
  99  8:11  High Templar x2  
  99  8:12  Zealot x5  
  113  8:16  Archon  
  113  8:20  Assimilator  
  113  8:21  Zealot x2  
  113  8:22  Assimilator  
  115  8:32  Probe x3  
  114  8:35  Zealot x5  
  124  8:44  Probe x2  
  124  8:48  Probe  
  111  8:54  Zealot x4  
  113  8:56  Probe x2  
  113  8:59  Zealot x5  
  113  9:00  Probe  
  105  9:08  Probe x2  
  95  9:12  Probe  
  95  9:16  High Templar x3  
  95  9:17  High Templar  
  100  9:19  Zealot x4  
  100  9:20  Probe x2, Archon  
  100  9:21  Archon  
  100  9:23  Zealot  
  100  9:32  Protoss Ground Weapons Level 2  
  84  9:51  Zealot x7  
  98  9:56  Nexus  
  98  9:58  High Templar x2  
  102  10:00  Pylon  
  102  10:02  Archon  
  102  10:11  Pylon  
  102  10:13  High Templar x4  
  102  10:14  Zealot x3  
  114  10:18  Immortal  
  114  10:20  Archon x2  
  120  10:32  Photon Cannon  
  120  10:33  Pylon  
  120  10:35  Sentry, Pylon  
  122  10:40  Pylon  
  122  10:44  High Templar x2, Zealot x2  
  122  10:45  Warp Prism  
  122  10:47  Archon  
  122  10:48  Zealot x3  
  136  10:50  Assimilator  
  136  10:56  Assimilator  
  136  11:00  Probe  
  139  11:09  High Templar x2  
  139  11:10  Zealot x5  
  153  11:14  Archon  
  153  11:25  Zealot x2  
  143  11:40  Zealot x5  
  117  11:47  Zealot x8  
Show
View Real Time Build Order
Export as new Build Order

GOReynor Zerg 

Build Orders: Hatch First 

Get SALT Encoding   

  12  0:00  Drone  
  13  0:12  Overlord  
  13  0:17  Drone  
  14  0:30  Drone x2  
  16  0:49  Hatchery  
  15  0:53  Drone  
  15  0:56  Drone  
  17  1:00  Drone  
  18  1:10  Extractor  
  17  1:16  Spawning Pool  
  16  1:19  Drone  
  16  1:23  Drone  
  18  1:28  Drone  
  19  1:38  Drone  
  20  1:49  Overlord  
  20  2:01  Drone  
  20  2:02  Drone, Queen  
  20  2:03  Queen  
  26  2:11  Drone  
  26  2:13  Drone  
  26  2:15  Metabolic Boost  
  28  2:25  Drone  
  28  2:26  Drone  
  30  2:37  Hatchery  
  30  2:38  Drone  
  30  2:41  Drone  
  31  2:45  Drone  
  31  2:47  Overlord  
  32  2:54  Drone  
  32  2:56  Queen  
  35  2:59  Drone  
  36  3:07  Drone x2  
  36  3:10  Zergling x4  
  36  3:12  Overlord  
  40  3:16  Drone  
  40  3:17  Drone  
  42  3:27  Drone  
  42  3:29  Overlord  
  42  3:33  Queen  
  45  3:39  Drone x2  
  47  3:43  Zergling x4  
  47  3:44  Overlord  
  49  3:51  Drone x3  
  52  3:59  Spore Crawler, Drone  
  52  4:00  Drone  
  53  4:03  Overlord  
  53  4:04  Drone  
  53  4:05  Drone x2  
  53  4:08  Lair  
  56  4:10  Queen  
  56  4:12  Drone x2  
  56  4:15  Spore Crawler x2  
  56  4:16  Zergling x2  
  59  4:22  Zergling x4  
  61  4:26  Overlord  
  61  4:32  Zergling x6  
  61  4:34  Queen  
  61  4:35  Overlord  
  66  4:40  Drone x4  
  66  4:46  Overlord  
  56  4:54  Drone x5  
  56  4:55  Drone  
  61  5:01  Drone x2  
  61  5:02  Drone  
  64  5:10  Extractor, Hydralisk Den  
  64  5:13  Queen, Extractor  
  64  5:14  Drone  
  64  5:18  Zergling x2  
  64  5:19  Zergling x6  
  64  5:20  Zergling x2  
  69  5:23  Zergling x4  
  69  5:25  Overlord  
  71  5:32  Drone  
  71  5:33  Drone x4  
  71  5:36  Drone x2  
  71  5:38  Drone x2  
  71  5:41  Hydralisk x2  
  79  5:45  Drone, Extractor  
  79  5:48  Zergling x2  
  80  5:54  Hydralisk, Zergling x4  
  86  6:02  Hydralisk, Zergling x2  
  87  6:07  Overlord  
  87  6:10  Hydralisk  
  87  6:11  Zergling x4  
  89  6:13  Overlord  
  89  6:16  Overlord  
  89  6:17  Overseer  
  81  6:25  Hydralisk, Zergling x4  
  69  6:26  Zergling x2  
  69  6:31  Drone x2  
  69  6:32  Drone x2  
  69  6:34  Overlord  
  69  6:36  Drone  
  69  6:37  Drone  
  68  6:44  Drone x2  
  68  6:45  Drone  
  68  6:46  Queen  
  69  6:51  Drone  
  69  6:53  Grooved Spines, Evolution Chamber  
  69  6:55  Drone  
  69  7:00  Drone, Baneling Nest  
  70  7:02  Drone x2  
  70  7:03  Drone  
  70  7:04  Drone  
  70  7:07  Drone x2  
  76  7:10  Extractor  
  76  7:14  Drone x2  
  77  7:17  Drone  
  77  7:20  Zerg Melee Weapons Level 1  
  78  7:24  Drone  
  78  7:25  Drone  
  78  7:29  Hatchery  
  79  7:30  Hydralisk x2  
  79  7:33  Hydralisk  
  79  7:36  Zergling x4  
  88  7:37  Zergling x2  
  88  7:38  Zergling x2  
  88  7:41  Overlord  
  88  7:42  Hydralisk  
  91  7:46  Centrifical Hooks  
  91  7:48  Zergling x2  
  91  7:50  Hydralisk  
  91  7:51  Zergling x2  
  95  7:56  Overlord  
  95  7:57  Hydralisk, Zergling x2  
  98  8:01  Baneling x8  
  98  8:02  Zergling x2  
  98  8:04  Zergling x2  
  98  8:05  Zergling x2  
  100  8:07  Hydralisk  
  100  8:08  Zergling x2  
  100  8:09  Zergling x2  
  100  8:11  Baneling x4  
  100  8:12  Baneling  
  104  8:14  Hydralisk  
  104  8:16  Zergling x4  
  108  8:20  Hydralisk, Baneling x4  
  108  8:23  Hydralisk  
  108  8:24  Zergling x2  
  112  8:29  Hydralisk x2  
  112  8:30  Zergling x2  
  117  8:36  Baneling x5  
  117  8:40  Zergling x18  
  125  8:45  Overlord  
  125  8:48  Hydralisk  
  114  8:50  Hydralisk  
  110  9:00  Hydralisk  
  110  9:01  Zergling x8  
  100  9:04  Overseer  
  100  9:05  Hydralisk x2  
  90  9:12  Hydralisk, Zergling x4  
  90  9:16  Hydralisk x2  
  96  9:18  Zergling x2  
  95  9:25  Hydralisk  
  95  9:26  Zergling x2  
  95  9:28  Hydralisk  
  95  9:37  Hydralisk x2, Zergling x2  
  86  9:47  Queen x2  
  86  9:48  Extractor  
  89  9:53  Drone x3  
  89  9:58  Drone x3  
  95  10:10  Drone x3  
  97  10:18  Hatchery  
  97  10:20  Queen  
  98  10:23  Hydralisk  
  98  10:24  Zergling x2  
  98  10:25  Zergling x2  
  102  10:28  Zergling x2  
  102  10:29  Zergling x2  
  102  10:33  Hydralisk x2  
  107  10:35  Zergling x2  
  107  10:39  Hydralisk  
  107  10:42  Hydralisk  
  112  10:43  Zergling x2  
  112  10:48  Baneling  
  112  10:49  Baneling x3  
  113  10:51  Hydralisk  
  113  10:52  Zergling x4  
  117  10:58  Overlord  
  117  10:59  Zergling x4  
  117  11:00  Zergling x2  
  117  11:02  Baneling x3  
  117  11:03  Baneling x2  
  119  11:04  Baneling  
  119  11:05  Baneling  
  119  11:11  Overlord  
  119  11:14  Baneling x3  
  119  11:15  Zergling x4  
  121  11:20  Baneling x6  
  121  11:24  Hydralisk  
  121  11:25  Zergling x8  
  127  11:29  Zergling x2  
Tags
 
Add a new tag
Caveats
  • Supply blocks, unpowered buildings, or Contaminate may cause inaccurate times.
  • Supply counts are checked every 10 seconds.